 Dungeon Crawl Stone Soup version 0.29.1-12-g30fa7ad0bf (webtiles) character file.

Game seed: 15477016018338740227

74 Gabide the Trooper (level 4, 0/37 HPs)
             Began as a Mummy Berserker on Dec 19, 2022.
             Was a Believer of Trog.
             Slain by an orc
             ... wielding a +0 falchion
              (5 damage)
             ... on level 2 of the Dungeon.
             The game lasted 00:03:16 (1812 turns).

Gabide the Trooper (Mummy Berserker)                Turns: 1812, Time: 00:03:17

Health: 0/37       AC:  5    Str: 22    XL:     4   Next: 10%
Magic:  4/4        EV: 12    Int:  6    God:    Trog [**....]
Gold:   85         SH:  0    Dex: 11    Spells: 3/3 levels left

rFire   x . .      SeeInvis .     - Unarmed
rCold   + . .      Faith    .   (no shield)
rNeg    + + +      Spirit   .   b - +0 leather armour
rPois   ∞          Reflect  .   a - +2 hat
rElec   .          Harm     .   (no cloak)
rCorr   .          Rampage  .   (no gloves)
Will    .....                   (no boots)
Stlth   +.........              (no amulet)
HPRegen 0.12/turn               (no ring)
MPRegen 0.09/turn               (no ring)

@: no status effects
A: cold resistance 1, negative energy resistance 3, torment resistance 2, heat
vulnerability 1, in touch with death 1, no potions
a: Renounce Religion, Trog's Hand


You were on level 2 of the Dungeon.
You worshipped Trog.
Trog was pleased with you.
You visited 1 branch of the dungeon, and saw 3 of its levels.

You collected 85 gold pieces.

Inventory:

Armour
 a - a +2 hat (worn)
 b - a +0 leather armour (worn)
Scrolls
 c - a scroll of vulnerability {unknown}
 d - 2 scrolls of teleportation {unknown}
 e - a scroll of noise {unknown}
 f - a scroll of magic mapping {unknown}
 g - a scroll of summoning {unknown}
 h - a scroll of enchant weapon {unknown}


   Skills:
 * Level 3.9 Fighting
 - Level 1.5 Armour
 + Level 2.1 Dodging
 * Level 3.2 Unarmed Combat


You had 3 spell levels left.
You didn't know any spells.
Your spell library was empty.

Dungeon Overview and Level Annotations

Branches:
Dungeon (3/15)

Altars:
Fedhas


Innate Abilities, Weirdness & Mutations

You are immune to poison.
Your flesh is cold resistant. (rC+)
You are immune to negative energy. (rN+++)
You are immune to unholy pain and torment.
You are vulnerable to heat. (rF-)
You are in touch with the powers of death.
You do not drink.


Message History

The orc attacks as you move away! The orc barely misses you.
The orc attacks as you move away! The orc hits you with a +0 hand axe.
* * * LOW HITPOINT WARNING * * *
You hit the orc but do no damage.
The orc is severely wounded.
The orc hits you but does no damage.
You hit the orc but do no damage.
The orc is severely wounded.
You feel the effects of Trog's Hand fading.
The orc misses you. The orc attacks as you move away!
The orc closely misses you. The orc attacks as you move away!
The orc hits you with a +0 falchion. The orc attacks as you move away!
The orc closely misses you.
Your skin stops crawling.
You feel less strong-willed.
Unknown command.
The orc attacks as you move away! The orc closely misses you.
The orc attacks as you move away! The orc hits you with a +0 falchion.
The orc attacks as you move away! The orc completely misses you.
The orc attacks as you move away! The orc hits you with a +0 falchion.
The orc attacks as you move away! The orc hits you with a +0 falchion.
* * * LOW HITPOINT WARNING * * *
There is a stone staircase leading up here.
The orc hits you but does no damage.
You climb upwards.
There is a stone staircase leading down here.
You hit the orc.
The orc is heavily wounded.
The orc barely misses you.
You hit the orc but do no damage.
The orc is heavily wounded.
The orc hits you with a +0 falchion.
* * * LOW HITPOINT WARNING * * *
You barely miss the orc.
The orc is heavily wounded.
The orc hits you with a +0 falchion.
* * * LOW HITPOINT WARNING * * *
You barely miss the orc.
The orc is heavily wounded.
The orc hits you with a +0 falchion.
You die...

#.........#.....#.#
#....#.......
#.........#.......#
#.##.#.###.#.
#......<.[##.####.###.##.#.#
#!..
#######......####......#.#.#
#..#
######.##..........#.###..#
#.##.#.#####.÷........
####.#.# ##...###... ##..#.#
#..## #.## #..o@.# #.## #.#
#...### #.# ### ##### #.#
###


You could see an orc.

Vanquished Creatures
  3 adders
  A worm (D:3)
  An orc (D:3)
  5 bats
  5 endoplasms
  3 giant cockroaches
  3 goblins
  3 hobgoblins
  3 quokkas
  5 ball pythons
  A frilled lizard (D:2)
  3 kobolds
  5 rats
41 creatures vanquished.

Notes
Turn   | Place    | Note
-------+----------+-------------------------------------------
     0 | D:1      | Gabide the Mummy Berserker began the quest for the Orb.
     0 | D:1      | Reached XP level 1. HP: 18/18 MP: 1/1
   248 | D:1      | Reached XP level 2. HP: 21/24 MP: 2/2
   760 | D:2      | Gained mutation: You are in touch with the powers of death.
                  | [Mummy growth]
   760 | D:2      | Reached XP level 3. HP: 27/29 MP: 3/3
  1476 | D:3      | Reached ** piety under Trog
  1626 | D:3      | Reached XP level 4. HP: 30/37 MP: 4/4
  1767 | D:3      | Found a blossoming altar of Fedhas.
  1812 | D:2      | Slain by an orc

Illustrated notes

Levels and vault maps discovered:
D:1:      heliophobic_arrival_glass_houses, layout_rooms, minmay_tiny_reverse_x
D:2:      layout_rooms
D:3:      layout_loops_cross, mainiacjoe_overflow_catwalk

Skill      XL: |  1  2  3 |
---------------+----------+-----
Dodging        | 2 |  2.1
Unarmed Combat | 3 |  3.2
Fighting       | |  3.9
Armour         | |  1.5

Action                   |  1- 3 |  4- 6 || total
-------------------------+-------+-------++-------
Melee: Unarmed           |   181 |    17 ||   198
       Punch             |     2 |       ||     2
Invok: Trog's Hand       |       |     1 ||     1
Armor: Leather armour    |    67 |     5 ||    72
Dodge: Dodged            |   136 |    20 ||   156
